AoeStats
← emre_2626eses

Arabian Desert

510374266Analyzed
1v1 RM · 8h ago on Sep 30, 2026· 29m 35s· 2 players
Game mode
Random Map
Map size
Tiny (2 player)
Population
200
Speed
Normal
Resources
Standard
Victory
Conquest
Starting age
Dark Age
Ending age
Imperial Age
RankedLock teamsTeams togetherTeam positionsShared explorationLock speedFull tech treeHidden civsTurbo modeCheats
Victory
Defeat
🇪🇸 Poles · Spain
748
+16
🇹🇷 Huns · Türkiye
755
-16
Nagar20
12:18 Feudal Age
12:43 Horse Collar
14:33 Double-Bit Axe
20:38 Castle Age
20:13 Scale Mail Armor
20:23 Forging
20:46 Loom
22:54 Chain Mail Armor
23:15 Iron Casting
22:47 Squires
22:49 Fletching
28:18 Arson
emre_2626eses
10:33 Feudal Age
11:22 Double-Bit Axe
13:12 Horse Collar
18:50 Bloodlines
19:28 Gold Mining
22:33 Castle Age
22:01 Bloodlines
24:22 Husbandry
24:29 Scale Mail Armor
24:35 Scale Barding Armor
29:55 Loom
Connection lost

Rejoining the realm…

Still unreachable

The connection could not be restored.

Session expired

The server has moved on; the page needs a fresh start.